Map: Traitor's Exile

Players

GoodGhost

  • Race: Terran Terran
  • Spawn Location: 12:00

ILIEKEGGPIE

  • Race: Protoss Protoss
  • League: Platinum
  • Spawn Location: 9:00

Skalman

  • Race: Protoss Protoss
  • Spawn Location: 6:00

REDALERT

  • Race: Zerg Zerg
  • League: Platinum
  • Spawn Location: 5:00

VOD

Have the link to the VOD?

Description

Time

  • Played on: June 2, 2018, 3:18 p.m.
  • Length: 14:21
Show
View Real Time Build Order
Export as new Build Order

GoodGhost Terran 

Build Orders:  

Get SALT Encoding   

  12  0:03  SCV  
  13  0:15  SCV  
  14  0:25  Supply Depot  
  14  0:30  Refinery  
  14  0:32  SCV  
  15  0:48  Barracks  
  15  0:54  SCV  
  16  1:06  SCV  
  17  1:24  Refinery  
  17  1:25  SCV  
  18  1:36  Marine  
  18  1:37  SCV  
  20  1:41  Factory  
  20  1:49  Supply Depot  
  20  1:52  SCV  
  20  1:53  Marine  
  22  2:01  Engineering Bay  
  22  2:11  SCV, Marine  
  24  2:24  SCV  
  24  2:27  Factory Reactor  
  25  2:33  Missile Turret  
  25  2:37  Marine  
  26  2:55  Marine  
  27  3:03  Missile Turret  
  27  3:04  Hellion x2  
  31  3:10  Orbital Command  
  31  3:17  Terran Infantry Weapons Level 1, Supply Depot  
  35  3:48  Hellion x2  
  31  4:44  Hellion x2  
  30  4:57  Marine  
  30  4:58  Starport  
  31  5:13  Hellion x2  
  35  5:15  Terran Infantry Armor Level 1, Marine  
  36  5:22  Barracks x2  
  36  5:31  Command Center  
  36  5:33  Marine  
  37  5:49  Supply Depot  
  37  5:50  Marine  
  37  5:53  Liberator  
  38  6:08  Marine  
  38  6:11  Medivac  
  38  6:37  Factory Tech Lab  
  38  6:38  Marine  
  37  6:45  Marine  
  37  6:46  Marine  
  32  6:56  Marine  
  33  7:03  Marine  
  33  7:04  Marine  
  33  7:08  Liberator x2  
  35  7:14  Marine  
  34  7:21  Marine  
  36  7:27  Siege Tank  
  45  7:31  Marine  
  46  7:37  Barracks Tech Lab  
  46  7:39  Marine  
  46  7:49  Marine  
  47  7:57  Marine  
  48  8:00  Stimpack  
  48  8:03  SCV  
  49  8:07  Marine  
  50  8:14  Marine  
  50  8:15  SCV  
  52  8:21  Siege Tank  
  52  8:22  Marine  
  52  8:25  Marine  
  57  8:27  SCV  
  57  8:32  Medivac x2  
  62  8:35  Supply Depot  
  62  8:39  Supply Depot x2  
  62  8:57  Siege Tank, SCV  
  66  9:07  Marine  
  66  9:08  Barracks Reactor  
  66  9:09  SCV, Marine  
  66  9:21  SCV  
  67  9:25  Marine  
  67  9:26  Marine  
  67  9:27  Viking  
  67  9:28  Viking  
  70  9:43  Marine  
  70  9:44  Missile Turret, Marine  
  72  10:01  Combat Shield  
  72  10:02  Marine  
  64  10:51  Liberator x2  
  61  11:13  Armory  
  61  11:17  Command Center  
  61  11:25  Siege Tank  
  61  11:30  Marine x4  
  65  11:47  Marine  
  65  11:48  Marine x3  
  65  11:49  Missile Turret  
  69  12:05  Marine  
  69  12:06  Marine  
  65  12:33  Missile Turret  
  65  12:38  Siege Tank  
  68  12:54  Planetary Fortress  
  68  12:58  Barracks Reactor  
  68  12:59  Missile Turret  
  68  13:08  Marine x3  
  71  13:26  Marine x3  
Show
View Real Time Build Order
Export as new Build Order

ILIEKEGGPIE Protoss 

Build Orders:  

Get SALT Encoding   

  12  0:01  Probe  
  13  0:14  Probe  
  14  0:20  Pylon  
  14  0:25  Probe  
  15  0:34  Probe  
  16  0:43  Probe  
  16  0:44  Gateway  
  17  0:50  Assimilator  
  17  0:55  Probe  
  18  1:00  Assimilator  
  18  1:07  Probe  
  19  1:19  Probe  
  20  1:31  Probe  
  21  1:34  Pylon  
  21  1:39  Cybernetics Core  
  21  1:45  Probe  
  22  1:52  Pylon  
  22  1:57  Probe  
  22  2:00  Gateway  
  23  2:10  Stalker  
  23  2:17  Warp Gate  
  23  2:21  Shield Battery  
  25  2:37  Stalker  
  25  2:42  Robotics Facility  
  25  2:45  Pylon  
  26  3:07  Stalker  
  26  3:11  Stalker  
  26  3:37  Gateway x2  
  26  3:53  Stalker  
  28  4:02  Robotics Facility  
  26  4:37  Zealot  
  24  4:47  Adept x3  
  30  4:55  Observer  
  31  5:11  Gateway  
  31  5:13  Adept x3  
  37  5:21  Immortal  
  27  5:41  Stalker  
  29  5:44  Stalker  
  31  6:01  Pylon  
  31  6:03  Pylon  
  19  6:25  Adept x3  
  22  6:26  Adept  
  26  6:47  Sentry x2  
  26  6:48  Sentry  
  32  7:04  Pylon  
  32  7:08  Pylon  
  32  7:09  Pylon  
  29  7:26  Probe  
  29  7:31  Nexus  
  29  7:34  Probe  
  31  7:44  Probe  
  26  8:10  Stalker  
  28  8:27  Probe  
  29  8:42  Probe  
  29  8:46  Probe  
  31  8:50  Probe  
  32  8:58  Probe  
  32  9:00  Probe  
  34  9:06  Probe  
  34  9:08  Probe  
  34  9:14  Probe  
  34  9:16  Probe  
  36  9:21  Forge  
  38  9:24  Probe  
  39  9:35  Probe  
  40  9:38  Probe  
  40  9:41  Assimilator  
  40  9:43  Probe  
  41  9:45  Protoss Ground Weapons Level 1  
  41  9:51  Probe x2  
  41  9:52  Observer  
  45  10:00  Stalker x2  
  45  10:03  Probe x2  
  51  10:17  Probe  
  51  10:19  Probe  
  53  10:21  Assimilator  
  53  10:29  Probe  
  53  10:30  Robotics Bay  
  53  10:31  Probe  
  55  10:39  Pylon  
  55  10:41  Pylon  
  46  11:04  Probe  
  46  11:06  Colossus  
  46  11:16  Pylon  
  46  11:18  Pylon  
  46  11:19  Robotics Facility  
  46  11:24  Extended Thermal Lance  
  52  11:29  Pylon  
  52  11:33  Twilight Council  
  52  11:46  Photon Cannon  
  52  11:47  Photon Cannon  
  52  12:01  Colossus  
  56  12:17  Stalker x2  
  60  12:26  Gateway  
  60  12:36  Probe x2  
  60  12:37  Gateway  
  62  12:48  Probe  
  63  12:58  Colossus  
  63  13:00  Colossus  
  75  13:25  Gateway  
  75  13:29  Shield Battery  
  19  14:18  Zealot x2  
Show
View Real Time Build Order
Export as new Build Order

Skalman Protoss 

Build Orders:  

Get SALT Encoding   

  1  0:00  Probe  
  12  0:05  Probe  
  14  0:23  Pylon  
  14  0:29  Probe  
  15  0:41  Probe  
  16  0:45  Gateway  
  16  0:50  Assimilator  
  16  0:53  Probe  
  17  1:01  Probe  
  17  1:09  Probe  
  18  1:16  Assimilator  
  19  1:19  Probe  
  19  1:23  Pylon  
  20  1:35  Zealot  
  20  1:37  Probe, Cybernetics Core  
  23  1:57  Probe  
  24  2:05  Probe  
  24  2:15  Probe  
  25  2:16  Twilight Council  
  25  2:21  Robotics Facility  
  26  2:27  Probe, Warp Gate  
  27  2:35  Zealot  
  28  3:06  Charge  
  28  3:10  Gateway  
  28  3:11  Pylon  
  28  3:14  Observer  
  28  3:19  Probe  
  30  3:21  Pylon  
  30  3:31  Probe  
  27  3:48  Gateway  
  27  3:49  Gateway  
  27  3:51  Gateway  
  30  4:07  Pylon  
  30  4:29  Zealot  
  30  4:34  Pylon  
  30  4:41  Pylon  
  30  4:45  Shield Battery  
  30  4:55  Pylon  
  30  4:57  Pylon  
  30  4:58  Zealot x3  
  34  5:12  Zealot x2  
  38  5:23  Zealot x3  
  44  5:52  Warp Prism  
  44  5:54  Nexus  
  32  6:30  Zealot x3  
  32  6:31  Zealot x2  
  38  6:34  Observer  
  39  6:40  Probe  
  39  6:41  Pylon  
  39  6:42  Blink  
  40  6:48  Pylon  
  40  6:52  Probe  
  41  7:04  Probe  
  41  7:06  Stalker  
  44  7:16  Probe  
  45  7:35  Zealot x4  
  47  8:10  Probe  
  47  8:11  Warp Prism  
  47  8:13  Probe  
  47  8:18  Probe  
  49  8:25  Probe, Forge  
  51  8:27  Probe  
  51  8:33  Probe, Gateway  
  52  8:40  Probe  
  54  8:41  Probe  
  55  8:52  Probe  
  55  8:55  Dark Shrine  
  55  8:57  Zealot  
  55  9:01  Stalker x2  
  56  9:09  Stalker  
  51  9:21  Probe  
  52  9:44  Probe  
  52  9:45  Photon Cannon  
  52  9:48  Probe  
  54  10:01  Zealot x2  
  54  10:02  Protoss Ground Weapons Level 1  
  52  10:14  Dark Templar  
  54  10:22  Stalker  
  54  10:25  Stalker  
  48  10:56  Probe, Dark Templar x5  
  53  11:01  Probe  
  55  11:14  Probe  
  55  11:15  Probe  
  55  11:16  Shadow Stride  
  57  11:22  Probe  
  57  11:23  Probe  
  57  11:31  Probe  
  56  12:21  Probe  
  56  12:22  Zealot x5  
  62  12:23  Zealot  
  62  12:25  Probe  
  62  12:29  Probe  
  69  12:37  Probe  
  69  12:39  Probe  
  71  12:46  Zealot x6  
  71  12:49  Probe  
  84  12:51  Probe  
  84  12:52  Nexus  
  85  13:08  Zealot x4  
  93  13:21  Probe  
  94  13:27  Pylon  
  94  13:28  Pylon  
  94  13:30  Pylon  
  92  13:41  Probe x2  
  74  14:00  Zealot x5  
  74  14:01  Zealot  
Show
View Real Time Build Order
Export as new Build Order

REDALERT Zerg 

Build Orders: Hatch First, Lurkers 

Get SALT Encoding   

  12  0:05  Drone  
  13  0:12  Drone  
  14  0:17  Overlord  
  14  0:36  Drone x2  
  14  0:38  Drone  
  17  0:58  Hatchery  
  17  0:59  Drone  
  17  1:02  Extractor  
  16  1:07  Drone  
  17  1:21  Spawning Pool, Drone  
  17  1:27  Drone  
  17  1:31  Drone  
  19  1:50  Overlord  
  19  2:08  Metabolic Boost  
  19  2:09  Queen  
  19  2:11  Queen  
  19  2:12  Zergling x2  
  19  2:15  Zergling x2  
  25  2:18  Zergling x2  
  26  2:23  Drone  
  26  2:28  Drone  
  28  2:30  Drone  
  28  2:35  Drone  
  30  2:58  Drone x5  
  35  3:09  Zergling x2  
  35  3:15  Zergling x2  
  35  3:18  Overlord  
  36  3:22  Extractor  
  36  3:23  Lair  
  36  3:26  Overlord x2  
  34  3:36  Zergling x4  
  35  3:48  Zergling x2  
  34  3:53  Spine Crawler  
  33  3:55  Spine Crawler  
  33  3:58  Zergling x2  
  33  3:59  Zergling x12  
  39  4:04  Zergling x4  
  41  4:21  Zergling x4  
  37  4:40  Zergling x8  
  37  4:41  Zergling x10  
  39  4:53  Zergling x2  
  39  4:54  Zergling x4  
  42  5:00  Hydralisk Den  
  42  5:01  Drone  
  42  5:12  Zergling x6  
  38  5:22  Zergling x2  
  38  5:36  Overlord, Hydralisk x2  
  38  5:37  Lurker Den, Hydralisk x3  
  47  5:46  Drone x2  
  47  5:47  Drone  
  50  5:55  Muscular Augments  
  50  5:56  Drone  
  50  6:10  Hydralisk x2  
  50  6:30  Hydralisk  
  50  6:31  Hydralisk x4  
  56  6:35  Drone  
  53  7:02  Drone  
  53  7:03  Drone x3  
  51  7:18  Hydralisk x4  
  55  7:25  Hydralisk x2  
  55  7:26  Extractor  
  55  7:27  Extractor  
  57  7:39  Hydralisk, Grooved Spines  
  59  7:57  Hydralisk x2  
  63  8:00  Drone  
  63  8:03  Overlord x2  
  63  8:04  Drone x3  
  63  8:05  Drone  
  68  8:06  Overlord  
  68  8:23  Drone  
  69  8:30  Hatchery  
  69  8:31  Extractor  
  67  8:34  Overseer  
  67  8:35  Extractor, Pneumatized Carapace  
  67  8:36  Drone  
  67  8:37  Drone  
  67  8:39  Drone  
  67  8:40  Drone  
  70  8:50  Spore Crawler  
  70  8:54  Spore Crawler  
  68  8:55  Drone  
  68  8:56  Drone x2  
  68  9:02  Hydralisk  
  73  9:13  Hydralisk  
  73  9:14  Hydralisk x2  
  77  9:31  Lurker  
  77  9:32  Lurker x5  
  77  9:34  Hydralisk  
  77  9:36  Drone x2  
  87  9:43  Drone x2  
  87  9:44  Drone x2  
  92  10:00  Overlord x2, Drone x3  
  94  10:15  Hydralisk x2  
  94  10:17  Overlord x2  
  98  10:49  Hydralisk x10  
  91  10:50  Hydralisk  
  100  11:08  Hydralisk  
  100  11:09  Hydralisk x6  
  114  11:19  Queen  
  116  11:36  Evolution Chamber  
  115  11:41  Spire  
  114  11:58  Overlord  
  114  11:59  Overlord x3  
  114  12:05  Lurker x6  
  120  12:12  Drone x2  
  116  12:53  Overlord x4  
  116  12:54  Mutalisk  
  116  12:55  Mutalisk x7  
  132  13:04  Mutalisk  
  134  13:08  Drone x5  
  139  13:23  Extractor  
  139  13:24  Hatchery  
  137  13:28  Extractor  
Tags
 
Add a new tag
Caveats
  • Supply blocks, unpowered buildings, or Contaminate may cause inaccurate times.
  • Supply counts are checked every 10 seconds.